 Dungeon Crawl Stone Soup version 0.14-a0-759-g26e2352 (webtiles) character file.

47345 Egon the Eclecticist (level 14, 0/123 HPs)
             Began as a Djinni Wizard on Nov 7, 2013.
             Was a High Priest of Vehumet.
             Slain by a sixfirhy (9 damage)
             ... summoned by an orc high priest
             ... on Level 4 of the Orcish Mines on Nov 8, 2013.
             The game lasted 03:11:25 (36522 turns).

Egon the Eclecticist (Djinni Wizard)               Turns: 36522, Time: 03:11:25

HP   0/123       AC  8     Str  8      XL: 14   Next:  1%
MP   0/0         EV 10     Int 25      God: Vehumet [*****.]
Gold 1892        SH 12     Dex 13      Spells: 13 memorised,  6 levels left

Res.Fire  : + + +   See Invis. : .   a - staff of conjuration
Res.Cold  : x . .   Warding    : .   M - +0 troll leather armour
Life Prot.: + + +   Conserve   : .   K - +0 buckler
Res.Poison: +       Res.Corr.  : +   F - +2 wizard hat {MR+}
Res.Elec. : .       Clarity    : .   l - +1 cloak
Sust.Abil.: . .     Spirit.Shd : .   (no gloves)
Res.Mut.  : .       Stasis     : .   (boots unavailable)
Res.Rott. : .       Flight     : +   Q - amulet of resist corrosion
Saprovore : . . .                    r - ring of poison resistance
                                     L - cursed +3 ring of intelligence

@: flying, very slightly contaminated, delayed fireball, quite resistant to
hostile enchantments, fairly stealthy
A: fire immunity, cold vulnerability, life protection 3
a: Renounce Religion, Release Delayed Fireball


You were on level 4 of the Orcish Mines.
You worshipped Vehumet.
Vehumet was extremely pleased with you.
You were not hungry.

You visited 4 branches of the dungeon, and saw 20 of its levels.
You also visited: Sewer and Volcano.

You collected 2221 gold pieces.
You spent 329 gold pieces at shops.

Inventory:

Hand weapons
 b - a +1,+2 whip of electrocution
 e - a +3,+3 demon whip of flaming
 k - a +2,+2 vampiric sabre
Armour
 l - a +1 cloak (worn)
 n - a +1 elven robe of cold resistance
 F - a +2 wizard hat of magic resistance (worn)
 K - a +0 buckler (worn)
 M - a +0 troll leather armour (worn)
Magical devices
 u - a wand of polymorph (17)
 z - a wand of confusion (13) {unknown}
 E - a wand of slowing (7)
 G - a wand of cold (3)
Scrolls
 d - a scroll of fear
 i - a scroll of fog
 j - 2 scrolls of teleportation
Jewellery
 r - a ring of poison resistance (right hand)
 s - an uncursed ring of teleportation
 A - an uncursed amulet of stasis
 L - a cursed +3 ring of intelligence (left hand)
 P - an uncursed ring of wizardry
 Q - an amulet of resist corrosion (around neck)
Potions
 c - 2 potions of curing
 p - 2 potions of speed
 w - a potion of brilliance
 B - a potion of invisibility
Magical staves
 a - an uncursed staff of conjuration (weapon)
Miscellaneous
 q - a fan of gales


   Skills:
 - Level 8.0 Fighting
 - Level 2.0 Dodging
 - Level 1.5 Stealth
 - Level 8.0 Shields
 + Level 15.9 Spellcasting
 - Level 12.1 Conjurations
   Level 1.0 Summonings
 - Level 1.0 Translocations
 - Level 13.5 Fire Magic
 - Level 1.0 Air Magic
 - Level 1.0 Poison Magic


You had 6 spell levels left.
You knew the following spells:

 Your Spells              Type           Power        Failure   Level  Hunger
a - Flame Tongue          Conj/Fire      #####        0%          1    None
b - Throw Flame           Conj/Fire      ######       1%          2    None
c - Mephitic Cloud        Conj/Pois/Air  ######..     1%          3    None
d - Conjure Flame         Conj/Fire      #######.     1%          3    None
e - Repel Missiles        Chrm/Air       ###.......   3%          2    None
f - Fireball              Conj/Fire      #######...   1%          5    None
i - Iskenderun's Mystic   Conj           #######.     1%          4    None
k - Blink                 Tloc           N/A          2%          2    None
l - Sticky Flame          Conj/Fire      #######.     1%          4    None
m - Sublimation of Blood  Necr           ###.......   6%          2    None
o - Orb of Destruction    Conj           #######...   4%          7    ######.
t - Magic Dart            Conj           ####         1%          1    None
y - Delayed Fireball      Conj/Fire      N/A          4%          7    ######.


Dungeon Overview and Level Annotations

Branches:
Dungeon (14/27)            Temple (1/1) D:4             Orc (4/4) D:6
    Elf (0/3) Orc:3          Lair (1/8) D:13

Altars:
Ashenzari
Cheibriados
Elyvilon
Fedhas
Kikubaaqudgha
Makhleb
Nemelex Xobeh
Okawaru
Sif Muna
Trog
Vehumet
Xom
Yredelemnul
Zin
the Shining One
Beogh

Shops:
D:8 [   Orc:1 +   Orc:2 =   Orc:4 *


Innate Abilities, Weirdness & Mutations

You are immune to all types of fire, even holy and hellish.
You are vulnerable to cold.
You need no food.
You have no legs.
You are immune to negative energy.


Message History

The sixfirhy hits you!
* * * LOW HITPOINT WARNING * * *
The sixfirhy shocks you!
* * * LOW HITPOINT WARNING * * *
Drink which item? (? for menu, Esc to quit)
Okay, then.
Unknown command.
Read which item? (? for menu, Esc to quit)
As you read the scroll of fear, it crumbles to dust.
You assume a fearsome visage.
The smoke demon is unaffected.
The sixfirhy is unaffected.
The orange demon is unaffected.
The orc high priest looks frightened!
The smoke demon gestures at you. Something smites you!
* * * LOW HITPOINT WARNING * * *
Drink which item? (? for menu, Esc to quit)
You feel better. The sixfirhy hits you.
* * * LOW HITPOINT WARNING * * *
The sixfirhy shocks you!
You die...

###........)### #..)..)....#.....
#.........)...###..(.............
...........3...##....[...........
.#.#.#.#.#.#.#.#)..).......#.....
........[o.....(.....#...........
......)).....)...................
)(..().....4.[.(.................
.#.#.#.#.#.#.#.#4................
........[......#@..).............
#.............##.....%#..........
###.......).####.<...............
###.....### #.).)............#
####### #.)...............
########.(............#
##.................##...
##.#...........#.........
#......#.................


You could see a sixfirhy and a smoke demon.

Vanquished Creatures
  Donald (Orc:3)
  Gastronok (D:8)
  The ghost of nOtime the Crack Shot, a powerful CeHu of Trog (D:10)
  Fannar (Orc:4)
  Josephine (D:10)
  A hydra (Lair:1)
  An ogre mage (D:14)
  3 orc high priests (Orc:4)
  Nergalle (D:13)
  3 centaur warriors (D:13)
  Erolcha (Orc:4)
  2 hill giants
  An ice statue (Lair:1)
  Pikel (D:9)
  An orc sorcerer (Orc:2)
  7 orc knights (Orc:4)
  A cyclops (D:12)
  A griffon (D:14)
  Maurice (D:9)
  The ghost of timbw the Chopper, an experienced DsGl of Makhleb (D:8)
  Grinder (D:3)
  2 fire vortices (Volcano)
  An efreet (Volcano)
  A komodo dragon (D:13)
  2 polar bears (Lair:1)
  A griffon zombie (D:14)
  4 trolls
  2 two-headed ogres
  A hill giant zombie (D:14)
  6 ugly things
  4 wyverns
  A fire elemental (Volcano)
  3 hippogriffs
  Eustachio (Orc:1)
  30 yaks
  4 hungry ghosts
  4 wraiths
  2 clay golems (Volcano)
  A steam dragon (D:11)
  A necrophage (D:7)
  2 hill giant skeletons
  8 vampire mosquitoes
  A molten gargoyle (Volcano)
  A mottled dragon (D:13)
  31 orc warriors
  3 slaves (D:9)
  A yellow wasp (D:12)
  2 sky beasts
  2 black bears
  12 ice beasts
  3 kobold demonologists (D:14)
  15 centaurs
  A hill giant simulacrum (D:14)
  3 crocodiles
  9 big kobolds
  3 wargs
  2 water moccasins (Lair:1)
  13 giant frogs
  15 ogres
  A komodo dragon zombie (D:13)
  Blork the orc (D:6)
  A giant slug zombie (D:14)
  An agate snail (Lair:1)
  An eye of draining (D:13)
  A cyclops skeleton (D:14)
  10 killer bees
  A yaktaur skeleton (D:14)
  9 lava fish (Volcano)
  A yak zombie (D:10)
  A hippogriff skeleton (D:13)
  A rock worm zombie (D:13)
  A troll zombie (D:11)
  3 wights (D:13)
  3 goliath beetles
  6 lava snakes (Volcano)
  A centaur zombie (D:11)
  7 crimson imps
  A fire bat (Volcano)
  6 hounds
  A giant frog zombie (D:7)
  4 giant frog skeletons
  36 orc priests
  A two-headed ogre zombie (D:13)
  A water moccasin skeleton (D:9)
  A basilisk skeleton (D:14)
  5 iguanas
  An orange rat (D:7)
  33 orc wizards
  7 scorpions
  9 worker ants
  A killer bee zombie (D:13)
  2 ogre skeletons
  A big kobold skeleton (D:11)
  2 crocodile skeletons (D:10)
  A hound skeleton (D:10)
  2 mummies
  3 giant centipedes
  16 gnolls
  8 green rats
  22 adders
  6 giant mites
  An inept feature mimic (D:4)
  A white imp (Lair:1)
  8 worms
  A scorpion zombie (D:10)
  7 grey rats
  6 giant eyeballs
  5 giant geckos
  5 oozes
  196 orcs
  4 ball pythons
  A bat skeleton (D:5)
  12 giant cockroaches
  14 hobgoblins
  16 jackals
  19 bats
  A giant gecko zombie (D:9)
  6 giant newts
  2 giant spores
  24 goblins
  3 hobgoblin skeletons
  33 kobolds
  An orc skeleton (D:7)
  8 quokkas
  A quokka skeleton (D:9)
  A quokka zombie (D:5)
  31 rats
  2 spectral orcs (D:13)
  4 ballistomycetes
863 creatures vanquished.

Vanquished Creatures (collateral kills)
  A killer bee (D:12)
1 creature vanquished.

Vanquished Creatures (others)
  A wizard (D:14)
  A giant frog (D:8)
  A jelly (D:5)
  2 orcs
  A kobold zombie (D:5)
  A ballistomycete (D:6)
7 creatures vanquished.

Grand Total: 871 creatures vanquished

Notes
Turn   | Place    | Note
--------------------------------------------------------------
     0 | D:1      | Egon, the Djinni Wizard, began the quest for the Orb.
     0 | D:1      | Reached XP level 1. HP: 14/14 MP: 0/0
   396 | D:1      | Reached XP level 2. EP: 9/22
   400 | D:1      | Learned a level 2 spell: Blink
   575 | D:1      | Reached skill level 4 in Spellcasting
  1123 | D:2      | Reached XP level 3. EP: 15/29
  1128 | D:2      | Learned a level 3 spell: Mephitic Cloud
  1132 | D:2      | Learned a level 3 spell: Conjure Flame
  1264 | D:2      | Ladykiller69: hello mr egon
  1622 | D:3      | Noticed Grinder
  1623 | D:3      | Reached skill level 1 in Air Magic
  1760 | D:3      | Paralysed by Grinder for 3 turns
  1895 | D:2      | Reached skill level 1 in Fire Magic
  1995 | D:2      | Reached XP level 4. EP: 5/37
  1999 | D:2      | Learned a level 2 spell: Repel Missiles
  2145 | D:3      | Paralysed by Grinder for 4 turns
  2190 | D:2      | Reached skill level 1 in Poison Magic
  3071 | D:3      | Reached XP level 5. EP: 27/43
  3764 | D:3      | Killed Grinder
  3764 | D:3      | Reached skill level 6 in Conjurations
  3764 | D:3      | Reached XP level 6. EP: 39/51
  4471 | D:4      | Reached skill level 1 in Fighting
  4570 | D:4      | Reached XP level 7. EP: 24/58
  5068 | D:4      | Found a staircase to the Ecumenical Temple.
  5072 | D:3      | Found a glowing silver altar of Zin.
  5072 | D:3      | Found a deep blue altar of Sif Muna.
  5072 | D:3      | Found a bloodstained altar of Trog.
  5072 | D:3      | Found a snail-covered altar of Cheibriados.
  5074 | D:3      | Found an ancient bone altar of Kikubaaqudgha.
  5088 | Temple   | Entered the Ecumenical Temple
  5262 | Temple   | Became a worshipper of Vehumet
  5582 | D:4      | Found a burning altar of Makhleb.
  5749 | D:4      | Paralysed by a giant eyeball for 4 turns
  6385 | D:4      | Found a burning altar of Makhleb.
  6483 | D:4      | Acquired Vehumet's first power
  6483 | D:4      | Offered knowledge of Freeze by Vehumet.
  6787 | D:4      | Found a staircase to the Ecumenical Temple.
  6921 | D:5      | Entered Level 5 of the Dungeon
  7755 | D:5      | HP: 2/60 [centaur/arrow (12)]
  8155 | D:5      | Reached XP level 8. EP: 42/67
  8292 | D:5      | Found a glowing golden altar of the Shining One.
  8297 | D:5      | Noticed an angel
  8383 | D:5      | Reached skill level 5 in Fire Magic
  8601 | D:5      | Found a basalt altar of Yredelemnul.
  8617 | D:5      | Noticed a profane servitor
  9135 | D:5      | Offered knowledge of Throw Flame by Vehumet.
  9139 | D:5      | Learned a level 2 spell: Throw Flame
 10053 | D:6      | Reached skill level 5 in Fighting
 10355 | D:6      | Noticed Blork the orc
 10435 | D:6      | Killed Blork the orc
 10601 | D:6      | Found a glowing drain.
 10618 | Sewer    | Entered a sewer
 11202 | Sewer    | Offered knowledge of Static Discharge by Vehumet.
 11360 | Sewer    | Acquired Vehumet's second power
 11360 | Sewer    | Reached skill level 7 in Fighting
 11410 | Sewer    | Reached XP level 9. EP: 12/77
 12243 | D:6      | Offered knowledge of Inner Flame by Vehumet.
 12665 | D:6      | Reached skill level 8 in Fighting
 13431 | D:6      | Found a staircase to the Orcish Mines.
 13658 | D:6      | Reached skill level 5 in Spellcasting
 13795 | D:6      | Found a bloodstained altar of Trog.
 13811 | D:6      | Acquired Vehumet's third power
 14218 | D:6      | Offered knowledge of Bolt of Magma by Vehumet.
 14224 | D:6      | Learned a level 4 spell: Iskenderun's Mystic Blast
 16199 | D:7      | Reached XP level 10. EP: 65/87
 16226 | D:7      | Reached skill level 9 in Fire Magic
 16704 | D:7      | Offered knowledge of Poison Arrow by Vehumet.
 18317 | D:8      | Noticed timbw's ghost (experienced DsGl)
 18345 | D:8      | Killed timbw's ghost
 19065 | D:8      | Found Skiahuus' Armour Shop.
 19181 | D:8      | Bought a +2 helmet of intelligence for 299 gold pieces
 19565 | D:8      | Reached skill level 10 in Fire Magic
 19947 | D:8      | Found a snail-covered altar of Cheibriados.
 20112 | D:9      | Noticed Gastronok
 20132 | D:8      | Killed Gastronok
 20340 | D:9      | Upgraded the game from 0.14-a0-736-g2a71271 to 0.14-a0-759-g26e2352
 20478 | D:9      | Noticed Maurice
 20492 | D:9      | Learned a level 1 spell: Flame Tongue
 20498 | D:9      | Learned a level 5 spell: Fireball
 20544 | D:9      | Killed Maurice
 20968 | D:9      | Reached skill level 11 in Fire Magic
 21014 | D:9      | Got a brightly glowing leather armour
 21019 | D:9      | Noticed Pikel
 21072 | D:9      | Killed Pikel
 21072 | D:9      | Reached skill level 10 in Conjurations
 21072 | D:9      | Reached XP level 11. EP: 43/93
 21454 | D:10     | Entered Level 10 of the Dungeon
 21456 | D:10     | Noticed nOtime's ghost (powerful CeHu)
 21649 | D:10     | Killed nOtime's ghost
 21982 | D:10     | Noticed Josephine
 21991 | D:10     | Killed Josephine
 23593 | D:10     | Paralysed by a giant eyeball for 3 turns
 23676 | D:11     | Learned a level 2 spell: Sublimation of Blood
 23893 | D:11     | Identified the +2 leather armour of Xom's Envy {Str+1 Int+2 Acc+4 Stlth++} (You found it on level 9 of the Dungeon)
 23910 | D:11     | Paralysed by a giant eyeball for 2 turns
 24375 | D:10     | Offered knowledge of Orb of Destruction by Vehumet.
 24979 | D:12     | Reached skill level 10 in Spellcasting
 25238 | D:12     | Noticed a hill giant
 25254 | D:12     | Killed a hill giant
 25925 | D:12     | Reached skill level 12 in Spellcasting
 25934 | D:12     | Learned a level 7 spell: Orb of Destruction
 26273 | D:12     | Reached XP level 12. EP: 25/103
 27242 | D:13     | Reached skill level 13 in Spellcasting
 27361 | D:13     | Got a bloodstained leather armour
 27599 | D:13     | Offered knowledge of Poisonous Cloud by Vehumet.
 27720 | D:13     | Noticed Nergalle
 27745 | D:13     | Killed Nergalle
 27819 | D:13     | HP: 5/107 [centaur warrior/arrow (24)]
 28299 | D:13     | Reached skill level 5 in Shields
 28403 | D:13     | Found a staircase to the Lair.
 28528 | Lair:1   | Entered Level 1 of the Lair of Beasts
 28684 | Lair:1   | Found a dark tunnel.
 28689 | Volcano  | Entered a volcano
 28991 | Volcano  | Found a bloodstained altar of Trog.
 29378 | Lair:1   | Noticed a five-headed hydra
 29381 | Lair:1   | Killed a five-headed hydra
 30088 | Lair:1   | Got a bloodstained trident
 30859 | D:14     | Reached XP level 13. EP: 60/114
 31005 | D:14     | Learned a level 4 spell: Sticky Flame
 31087 | D:14     | Offered knowledge of Ignite Poison by Vehumet.
 31535 | D:14     | Noticed an ogre mage
 31541 | D:14     | Killed an ogre mage
 31541 | D:14     | Reached skill level 14 in Spellcasting
 32829 | Orc:1    | Entered Level 1 of the Orcish Mines
 33066 | Orc:2    | Found Wuddamuf's Jewellery Emporium.
 33256 | Orc:1    | Found Schonadi's Book Shop.
 33274 | Orc:1    | Noticed Eustachio
 33276 | Orc:1    | Killed Eustachio
 33407 | Orc:3    | Offered knowledge of Delayed Fireball by Vehumet.
 33431 | Orc:2    | Learned a level 7 spell: Delayed Fireball
 34172 | Orc:3    | Found a roughly hewn altar of Beogh.
 34275 | Orc:4    | Entered Level 4 of the Orcish Mines
 34327 | Orc:4    | Noticed Erolcha
 34331 | Orc:4    | Noticed Donald
 34339 | Orc:4    | Paralysed by it for 6 turns
 34410 | Orc:3    | Found a staircase to the Elven Halls.
 34768 | Orc:4    | Found Kleuj's General Store.
 34778 | Orc:4    | Noticed Fannar
 34783 | Orc:4    | Killed Fannar
 34917 | Orc:4    | Bought a potion of heal wounds for 30 gold pieces
 35116 | Orc:4    | Offered knowledge of Bolt of Fire by Vehumet.
 35190 | Orc:4    | Killed Erolcha
 35737 | Orc:3    | Killed Donald
 35737 | Orc:3    | Reached skill level 15 in Spellcasting
 36492 | Orc:4    | Reached XP level 14. EP: 71/123
 36520 | Orc:4    | HP: 6/123 [smoke demon/divine providence[an orc high priest] (8)]
 36522 | Orc:4    | Slain by a sixfirhy

Action                   |  1- 3 |  4- 6 |  7- 9 | 10-12 | 13-15 || total
-------------------------+-------+-------+-------+-------+-------++-------
Melee: Dagger            |    26 |    56 |    54 |       |       ||   136
       Spear             |       |     9 |       |       |       ||     9
       Staff             |       |     1 |    18 |    33 |     2 ||    54
 Cast: Magic Dart        |    64 |    69 |   364 |    54 |     4 ||   555
       Mephitic Cloud    |     5 |    12 |    56 |    44 |    32 ||   149
       Blink             |     1 |     6 |     9 |     9 |     8 ||    33
       Conjure Flame     |       |     5 |    14 |    40 |    16 ||    75
       Throw Flame       |       |       |   214 |   290 |   128 ||   632
       Repel Missiles    |       |       |     3 |     5 |     2 ||    10
       Iskenderun's Myst |       |       |     2 |    71 |     9 ||    82
       Flame Tongue      |       |       |       |   323 |   393 ||   716
       Sublimation of Bl |       |       |       |    96 |   102 ||   198
       Fireball          |       |       |       |    38 |    31 ||    69
       Orb of Destructio |       |       |       |     8 |    13 ||    21
       Sticky Flame      |       |       |       |       |    27 ||    27
       Delayed Fireball  |       |       |       |       |     4 ||     4
 Abil: Release Delayed F |       |       |       |       |     3 ||     3
Evoke: Wand              |     6 |     3 |     6 |     2 |       ||    17
  Use: Scroll            |     8 |     1 |     8 |    19 |     1 ||    37
       Potion            |       |       |     1 |     7 |     3 ||    11
 Stab: Sleeping          |     1 |       |       |       |       ||     1
       Confused          |       |     6 |     3 |       |       ||     9
       Distracted        |       |     1 |       |       |       ||     1
